 Dungeon Crawl Stone Soup version 0.25-a0-36-g303dd5b1f4 (webtiles) character file.

Game seed: 4690259822913182279, levelgen mode: deterministic

194 Flugkiller the Vexing (level 5, -1/35 HPs)
             Began as an Octopode Enchanter on Oct 20, 2019.
             Hit by a boomerang thrown by an orc (7 damage)
             ... on level 3 of the Dungeon.
             The game lasted 00:02:46 (2319 turns).

Flugkiller the Vexing (Octopode Enchanter)          Turns: 2319, Time: 00:02:46

Health: -1/35      AC:  1    Str:  6 (8)  XL:     5   Next: 73%
Magic:  4/8        EV: 13    Int: 15 (18) God:
Gold:   190        SH:  0    Dex: 11 (12) Spells: 2/8 levels left

rFire    . . .     SeeInvis .   d - +1 short sword (holy)
rCold    . . .     Gourm    .   (no shield)
rNeg     . . .     Faith    .   (helmet restricted)
rPois    .         Spirit   .   (no amulet)
rElec    .         Reflect  .   (no ring)
rCorr    .         Harm     .   (no ring)
MR       .....                  (no ring)
Stlth    +++.......             (no ring)
HPRegen  0.11/turn              (no ring)
MPRegen  0.11/turn              (no ring)
                                (no ring)
                                (no ring)

@: very slightly contaminated, slowed, drained, very slow
A: almost no armour, stealthy swim, amphibious, 8 rings, constrict 8, camouflage
1, gelatinous body 1
a: no special abilities


You were on level 3 of the Dungeon.
You were not hungry.

You visited 1 branch of the dungeon, and saw 3 of its levels.

You collected 190 gold pieces.

Inventory:

Hand Weapons
 a - a +1 dagger
 d - a +1 short sword of holy wrath (weapon)
   (You found it on level 1 of the Dungeon)
Missiles
 j - 2 throwing nets (quivered)
Scrolls
 e - a scroll of identify
 f - a scroll of enchant weapon
 g - a scroll of remove curse
 k - a scroll of enchant armour {unknown}
Potions
 b - a potion of resistance
Comestibles
 c - 6 rations
 h - 8 chunks of flesh


   Skills:
 - Level 2.3(1.5) Fighting
 - Level 2.1(1.3) Short Blades
 - Level 2.0(1.2) Dodging
 - Level 4.0(3.2) Stealth
 + Level 2.0(1.2) Spellcasting
 - Level 5.2(4.3) Hexes


You had 2 spell levels left.
You knew the following spells:

 Your Spells              Type           Power        Failure   Level  Hunger
a - Corona                Hex            ##.....      4%          1    ##.....
b - Ensorcelled Hibernat  Hex/Ice        #.....       14%         2    ###....
c - Confuse               Hex            ##......     12%         3    ####...

Your spell library contained the following spells:

 Spells                   Type           Power        Failure   Level  Hunger
 Tukima's Dance           Hex            ##......     12%         3    ####...
 Dazzling Spray           Conj/Hex       #.....       28%         3    ####...


Dungeon Overview and Level Annotations

Branches:
Dungeon (3/15)

Altars:

Annotations:
D:2 1 runed translucent door, Crazy Yiuf


Innate Abilities, Weirdness & Mutations

You cannot wear most types of armour.
You are very stealthy in the water. (Stealth+)
You are amphibious.
You can wear up to eight rings at the same time.
You can use your tentacles to constrict eight enemies at once.
Your skin changes colour to match your surroundings (Stealth+).
Your rubbery body absorbs attacks. (AC +1, EV +1)


Message History

You constrict the orc wizard, but do no damage.
The orc wizard closely misses you.
The orc wizard hits you but does no damage.
You feel drained. The orc barely misses you.
Unknown command.
You hit the orc wizard. You squeeze the orc wizard!
The orc wizard is almost dead.
You constrict the orc wizard.
The orc wizard hits you with a +2 dagger of draining.
* * * LOW HITPOINT WARNING * * *
You feel drained.
* * * LOW HITPOINT WARNING * * *
The orc wizard hits you with a +2 dagger of draining.
* * * LOW HITPOINT WARNING * * *
You feel drained.
* * * LOW HITPOINT WARNING * * *
The orc barely misses you.
You hit the orc wizard.
You kill the orc wizard!
Base training target 2.0 for Fighting reached!
Your base Fighting skill increases to level 2!
You need to enable at least one skill for training.
The orc completely misses you. The orc hits you with a +0 mace.
* * * LOW HITPOINT WARNING * * *
It was a potion of degeneration.
There was something very wrong with that liquid.
You feel weakened.
You feel dopey.
You feel clumsy. The orc barely misses you.
Unknown command.
You barely miss the orc. You grab the orc. You constrict the orc.
The orc hits you but does no damage.
Unknown command.
You hit the orc.
The orc is severely wounded.
You constrict the orc.
You kill the orc!
The orc throws a boomerang.
The boomerang hits you.
* * * LOW HITPOINT WARNING * * *
The weapon returns to the orc!
You aren't carrying any items that you can evoke.
Casting: Confuse (safe; 12% risk of failure)
Confirm with . or Enter, or press ? or * to list all spells.
Aiming: Ensorcelled Hibernation (safe; 14% risk of failure)
Press: ? - help, Shift-Dir - straight line, f - orc
Aim: an orc, wielding a +0 flail (chance to defeat MR: 56%)
You miscast Ensorcelled Hibernation.
You are very lightly contaminated with residual magic.
Strange energies run through your body.
The orc throws a boomerang.
The boomerang hits you!
You die...

##.##
##...##
#(###.#
#.# #o#
#.###.#
##...##
##o##
#)# #@#
#)# #.#
##.#
#..#
#.##
#.# #.#
#.#


You could see an orc.

Vanquished Creatures
  A jelly (D:3)
  2 orc wizards (D:3)
  3 gnolls
  2 adders (D:2)
  2 dart slugs
  2 leopard geckos (D:1)
  2 orcs (D:3)
  9 bats
  4 giant cockroaches
  5 goblins
  8 hobgoblins
  5 kobolds
  2 frilled lizards (D:1)
  5 rats
52 creatures vanquished.

Notes
Turn   | Place    | Note
-------+----------+-------------------------------------------
     0 | D:1      | Flugkiller the Octopode Enchanter began the quest for the
                  | Orb.
     0 | D:1      | Reached XP level 1. HP: 11/11 MP: 3/3
    83 | D:1      | Reached XP level 2. HP: 9/17 MP: 5/5
   472 | D:1      | Reached skill level 4 in Hexes
   563 | D:1      | Reached XP level 3. HP: 19/21 MP: 6/6
  1016 | D:2      | Learned a level 3 spell: Confuse
  1025 | D:2      | Learned a level 2 spell: Ensorcelled Hibernation
  1146 | D:2      | Reached XP level 4. HP: 19/27 MP: 7/7
  1402 | D:2      | Found a runed translucent door.
  1403 | D:2      | Noticed Crazy Yiuf
  1813 | D:3      | Reached skill level 5 in Hexes
  2121 | D:3      | Reached XP level 5. HP: 32/32 MP: 5/8
  2127 | D:3      | Reached skill level 1 in Fighting
  2319 | D:3      | Hit by a boomerang thrown by an orc

Levels and vault maps discovered:
D:1:      dpeg_arrival_simpleton_c, layout_basic
D:2:      layout_loops_ring, first_ration, uniq_crazy_yiuf_cottage
D:3:      layout_loops_ring

Skill      XL: |  1  2  3  4  5 |
---------------+----------------+-----
Hexes          | 4 5 |  5.2
Fighting       | 2 |  2.3
Short Blades   | 2 |  2.1
Dodging        | |  2.0
Stealth        | |  4.0
Spellcasting   | |  2.0

Action                   |  1- 3 |  4- 6 || total
-------------------------+-------+-------++-------
Melee: Dagger            |    40 |       ||    40
       Constrict         |    20 |    14 ||    34
       Tentacles         |     6 |     8 ||    14
       Short sword       |    42 |    56 ||    98
 Cast: Corona            |     1 |     1 ||     2
       Confuse           |       |     4 ||     4
       Ensorcelled Hiber |       |     2 ||     2
  Use: Scroll            |     2 |       ||     2
       Potion            |       |     1 ||     1
 Stab: Sleeping          |     7 |     2 ||     9
  Eat: Chunk             |     1 |     4 ||     5
Armor: Skin              |     9 |    11 ||    20
Dodge: Dodged            |    68 |    58 ||   126

Table legend:
 A = Non-vault XP
 B = Vault XP
 C = Vault XP percentage of total XP
 D = Non-vault monster count
 E = Vault monster count
 F = Vault count percentage of total count
                 A         B        C        D         E       F
            +---------+---------+-------+---------+---------+-------
      Total |     278 |       0 |   0.0 |      52 |       0 |   0.0
            +---------+---------+-------+---------+---------+-------
        D:1 |      42 |       0 |   0.0 |      24 |       0 |   0.0
        D:2 |      57 |       0 |   0.0 |      11 |       0 |   0.0
        D:3 |     179 |       0 |   0.0 |      17 |       0 |   0.0
            +---------+---------+-------+---------+---------+-------
